[Event "Early-Titled-Tuesday-Blitz-April-16-2024"]
[Site "Chess.com"]
[Date "2024.04.16"]
[Round "6"]
[White "karinachess1"]
[Black "Der_Balak_3Halak"]
[Result "1-0"]
[WhiteElo "2618"]
[BlackElo "2442"]
[TimeControl "180+1"]
[EndTime "9:09:31 PDT"]
[Termination "karinachess1 won by checkmate"]

1. d4 d5 2. c4 c6 3. Nf3 Nf6 4. g3 Bf5 5. Nc3 e6 6. Qb3 Qc8 7. Bf4 Nbd7 8. Rc1 Be7 9. cxd5 exd5 10. Nb5 O-O 11. Nd6 Bxd6 12. Bxd6 Re8 13. Bg2 Ne4 14. Bf4 a5 15. a4 h6 16. O-O Ndf6 17. Ne5 Bh3 18.
Rc2 Bxg2 19. Kxg2 Nd7 20. f3 Ng5 21. Nd3 Nf6 22. Bxg5 hxg5 23. Nc5 Rb8 24. Qb6 g4 25. Nb3 Qf5 26. Qc5 Re3 27. Nc1 Rbe8 28. Rf2 gxf3+ 29. exf3 Re1 30. Ne2 Qh5 31. Nf4 Qh7 32. Rce2 R1xe2 33. Rxe2 Rxe2+ 34. Nxe2 Qd3 35. Nf4 Qd2+ 36. Kg1 Qxb2 37. h4 Qb4 38. Qa7 Qe1+ 39. Kg2 Qd2+ 40. Kg1 Qb4 41.
Qb8+ Kh7 42. Qe5 Nd7 43. Qf5+ Kg8 44. Qxd7 Qxd4+ 45. Kg2 Qd2+ 46. Kh3 d4 47. Qc8+ Kh7 48. Qf5+ Kg8 49. Qc8+ Kh7 50. Qxb7 c5 51. Qe4+ Kg8 52. Qd5 Qc3 53. Qd8+ Kh7 54. Qd5 c4 55. Qe4+ Kg8 56.
Nd5 Qd2 57. Ne7+ Kf8 58. Nf5 Kg8 59. Qe8+ Kh7 60. Qxf7 Qh6 61. Nxh6 Kxh6 62. Qxc4 d3 63. Qxd3 g5 64. Qb5 g4+ 65. Kxg4 Kg7 66. Qxa5 Kh8 67.
Qb5 Kg7 68. a5 Kh8 69. a6 Kg7 70. Qb6 Kf7 71. a7 Kg7 72. a8=Q Kf7 73. Qaa7+ Kg8 74. Qbb8# 1-0

[Event "Early-Titled-Tuesday-Blitz-April-16-2024"]
[Site "Chess.com"]
[Date "2024.04.16"]
[Round "6"]
[White "Koalaskakistis"]
[Black "jumpingknight20"]
[Result "0-1"]
[WhiteElo "2570"]
[BlackElo "2743"]
[TimeControl "180+1"]
[EndTime "9:09:35 PDT"]
[Termination "jumpingknight20 won by resignation"]

1. d4 g6 2. e4 Bg7 3. Nc3 d6 4. Be3 Nd7 5. h4 h5 6. Nh3 Ngf6 7. f3 a6 8. Ng5 O-O 9. Qd2 b5 10.
O-O-O b4 11. Ne2 a5 12. Nf4 e5 13. dxe5 Nxe5 14. Bd4 Nc6 15. Be3 a4 16. Bc4 Ne5 17. Qxb4 a3 18. b3 c5 19. Qc3 Nxc4 20. Qxc4 Ba6 21.
Qa4 Be2 22. Qc6 Ra6 23. Qb7 Rb6 24. Qa7 Bxd1 25. Rxd1 Qb8 26. Qxb8 Rfxb8 27. c4 Rc6 28. Kc2 Nd7 29. Nd5 Kf8 30. Bc1 Ne5 31. Nh7+ Ke8 32.
Nhf6+ Bxf6 33. Nxf6+ Ke7 34. Nd5+ Ke6 35. Bg5 f5 36.
Nf4+ Kf7 37. exf5 gxf5 38. Nxh5 Nxc4 39. bxc4 Rb2+ 40. Kc3 Rxa2 41. Nf4 Rf2 42. Ra1 a2 43. Nd5 Rc8 44. Be3 Rxg2 45. Kd3 Rb8 46. Nc3 Rb3 47. Bd2 Rg3 48. Rxa2 Rxf3+ 49. Ke2 Rfxc3 50. Bxc3 Rxc3 51. Ra6 Ke6 52. Ra4 Rh3 53. Kf2 Rxh4 54. Ke3 Ke5 55. Kf3 d5 56. Ra8 Rxc4 57. Re8+ Kd4 58. Kf4 Kc3+ 59.
Kxf5 d4 60. Ke4 d3+ 61. Ke3 Rd4 62. Rc8 d2 63. Rxc5+ Kb4 64. Kxd4 d1=Q+ 0-1

[Event "Early-Titled-Tuesday-Blitz-April-16-2024"]
[Site "Chess.com"]
[Date "2024.04.16"]
[Round "6"]
[White "MITerryble"]
[Black "Rosh1610"]
[Result "1-0"]
[WhiteElo "3049"]
[BlackElo "2457"]
[TimeControl "180+1"]
[EndTime "9:09:35 PDT"]
[Termination "MITerryble won by checkmate"]

1. e4 e5 2. Nf3 Nc6 3. c3 Nf6 4.
d4 d5 5. Bb5 Nxe4 6. Nxe5 Bd7 7. Nxd7 Qxd7 8. O-O Be7 9. Nd2 Nd6 10. Bd3 O-O 11.
Qh5 f5 12. Re1 Ne4 13. Nf1 g6 14. Qh6 Bf6 15. f3 Nd6 16. Qh3 Rae8 17. Bf4 Rxe1 18. Rxe1 Re8 19. Rd1 Nd8 20. Ne3 c6 21. Qg3 N8f7 22.
Qf2 Bg5 23. Bxg5 Nxg5 24. Nc2 Ngf7 25. Bf1 a5 26. Ne1 b6 27. Nd3 Re7 28. Ne5 Qe8 29.
h4 Nc8 30. Nd3 Ncd6 31. Nf4 Kg7 32. Qg3 Kh8 33. b3 a4 34. c4 axb3 35. axb3 dxc4 36. bxc4 c5 37. Nd5 Rb7 38. Nxb6 Rxb6 39. dxc5 Qe3+ 40. Qf2 Qxf2+ 41. Kxf2 Rb2+ 42. Kg3 Ne8 43. Rd7 Kg7 44. c6 Rb6 45. c5 Rxc6 46. Bc4 Rf6 47. c6 Kf8 48. c7 Nxc7 49. Rxc7 Ne5 50. Bd5 f4+ 51. Kf2 h5 52. Be4 Nf7 53. Ke2 Kg7 54. Kd3 Kh6 55. Kd4 Nd6 56. Bd3 Nf5+ 57. Ke5 Rf8 58. Kxf4 Nxh4+ 59. Kg3 Nf5+ 60. Kh3 Kg5 61. Rc5 Kf6 62.
Rc6+ Kg7 63. Be4 Kh6 64. Re6 Kg7 65. g4 hxg4+ 66. fxg4 Rh8+ 67. Kg2 Nh4+ 68. Kg3 g5 69. Ra6 Rf8 70. Bd5 Rd8 71. Ra7+ Kh6 72. Be4 Re8 73. Rh7# 1-0

[Event "Early-Titled-Tuesday-Blitz-April-16-2024"]
[Site "Chess.com"]
[Date "2024.04.16"]
[Round "6"]
[White "littlepinkyboy"]
[Black "Artemiki"]
[Result "0-1"]
[WhiteElo "2660"]
[BlackElo "2440"]
[TimeControl "180+1"]
[EndTime "9:09:36 PDT"]
[Termination "Artemiki won by checkmate"]

1. e4 e5 2. Nf3 Nc6 3. Bb5 a6 4. Ba4 Bc5 5. O-O Nge7 6. c3 Ba7 7. d4 Ng6 8. d5 Nce7 9. d6 cxd6 10. Qxd6 O-O 11.
Bg5 f6 12. Be3 Bxe3 13. fxe3 b5 14. Bb3+ Kh8 15. Na3 Bb7 16. Rad1 Bxe4 17. Qxd7 Qb6 18. Kh1 Rad8 19. Qh3 Rxd1 20. Rxd1 Qxe3 21. Re1 Qf4 22. Nc2 a5 23. Ne3 Bxf3 24. Qxf3 Qxf3 25. gxf3 Rd8 26. Rd1 Rxd1+ 27. Bxd1 Nf4 28. c4 b4 29. Bc2 Ne6 30. Be4 g6 31. Bd5 Nc5 32. a3 bxa3 33. bxa3 f5 34. Ba8 Kg7 35. Kg2 Kf6 36.
Nd1 e4 37. Nc3 Ke5 38. fxe4 fxe4 39. Ne2 Nf5 40. Kf2 Nd3+ 41. Kf1 Ne3+ 42. Kg1 Nxc4 43. a4 Nd6 44. Kg2 Nf4+ 45. Kf2 Nxe2 46. Kxe2 Kd4 47. Kd2 e3+ 48. Ke2 Ne4 49. Ke1 Nc3 50. Bc6 Ke5 51. Bd7 Kf4 52. Kf1 g5 53. Bc6 h5 54. Be8 h4 55.
Bd7 g4 56. Bc6 g3 57. hxg3+ Kxg3 58. Bd7 h3 59. Bc6 Kf4 60. Ke1 h2 61. Kf1 Ne4 62. Kg2 e2 63. Bxe4 Kxe4 64. Kf2 h1=Q 65. Kxe2 Qa1 66. Kd2 Qb2+ 67. Ke1 Ke3 68. Kf1 Qf2# 0-1

[Event "Early-Titled-Tuesday-Blitz-April-16-2024"]
[Site "Chess.com"]
[Date "2024.04.16"]
[Round "6"]
[White "DonCiao"]
[Black "esrosenberg"]
[Result "1-0"]
[WhiteElo "2080"]
[BlackElo "2376"]
[TimeControl "180+1"]
[EndTime "9:09:38 PDT"]
[Termination "DonCiao won by resignation"]

1. c4 e6 2. g3 d5 3. Bg2 c5 4. Nf3 d4 5. O-O Nc6 6. e3 e5 7. exd4 exd4 8. Re1+ Be7 9. Ne5 Nxe5 10. Rxe5 Rb8 11.
d3 Be6 12. Bf4 Bd6 13. Qa4+ Kf8 14. Re4 Nf6 15. Bxd6+ Qxd6 16. Re1 a6 17. Nd2 h5 18. h4 Rh6 19. Ne4 Nxe4 20. Bxe4 Rf6 21. a3 g6 22. b4 Kg7 23. bxc5 Qxc5 24. Qb4 Qc7 25. c5 Qd7 26. Rab1 Bf5 27. c6 Qd6 28. cxb7 Bxe4 29. Rxe4 Qc6 30. Qc4 Rxb7 31. Rxb7 Qxb7 32. Qxd4 Qb1+ 33.
Kh2 Qb6 34. Qxb6 Rxb6 35. Ra4 Kf6 36. Ra5 Ke7 37. Kg2 Rb3 38. d4 Rb6 39. Kf3 Kd6 40. Ke4 Kc6 41. a4 Kb7 42. Re5 Rf6 43. Re7+ Kb6 44. f4 Ka5 45. Ke5 Rf5+ 46. Kd6 Kxa4 47.
d5 Kb5 48. Rb7+ Kc4 49. Rc7+ Kd4 50. Rc5 Ke4 51. Kc6 Kd4 52. Ra5 Rf6+ 53. Kd7 Rb6 54. d6 Kc4 55. Ke7 Kb4 56. Re5 a5 57. d7 Rb7 58. Ke8 Rxd7 59. Kxd7 a4 60. Re1 a3 61. Ke7 a2 62. Kxf7 Kb3 63. Kxg6 Kb2 64. Kxh5 a1=Q 65. Rxa1 Kxa1 66. f5 Kb2 67. f6 Kc3 68. f7 Kd2 69.
f8=Q Ke2 70. g4 Ke3 71. g5 Ke4 72. g6 Ke5 73. g7 Ke6 74. g8=Q+ Ke5 75. Qgf7 Ke4 76.
Q8e8+ Kd4 77. Qfd7+ Kc5 78. Qec8+ Kb6 79. Qdb7+ 1-0

[Event "Early-Titled-Tuesday-Blitz-April-16-2024"]
[Site "Chess.com"]
[Date "2024.04.16"]
[Round "6"]
[White "RantomOpening"]
[Black "InitiatingASC"]
[Result "0-1"]
[WhiteElo "2513"]
[BlackElo "2369"]
[TimeControl "180+1"]
[EndTime "9:09:41 PDT"]
[Termination "InitiatingASC won by resignation"]

1. d4 d5 2. c4 e6 3. Nc3 c5 4. e3 Nc6 5. Nf3 Nf6 6. cxd5 exd5 7. Bb5 Bd6 8. dxc5 Bxc5 9. O-O O-O 10. b3 Qa5 11.
Bxc6 Qxc3 12. Bd2 Qb2 13. Qc1 Ba3 14. Bb5 Bf5 15. Nd4 Bg6 16. Qxb2 Bxb2 17. Rad1 a6 18.
Be2 Rfc8 19. Bf3 Bxd4 20. exd4 Rc2 21. Bg5 Ne4 22. Bxe4 Bxe4 23. Rc1 Rac8 24. Rxc2 Rxc2 25. Rc1 f6 26. Rxc2 Bxc2 27. Bd2 Kf7 28. f3 Ke6 29. Kf2 Bb1 30. a3 Bc2 31. b4 Bd3 32. Ke3 Bc4 33.
Bc1 Bf1 34. g3 Bc4 35. h4 Bf1 36. Kf4 Bd3 37. Ke3 Bf1 38. h5 Bg2 39. Kf2 Bh3 40. g4 f5 41. g5 g6 42. hxg6 hxg6 43. Bf4 Kd7 44. Be5 Kc6 45. a4 b6 46. Bh2 Kb7 47. Bf4 Kc6 48. Bd2 Kd6 49. b5 axb5 50.
axb5 Kd7 51. Bf4 Kc8 52. Be5 Kb7 53. Bf6 Kc8 54. Ke2 f4 55. Be5 Bd7 56. Bxf4 Bxb5+ 57. Kd2 Kd7 58. Be5 Ke6 59. Kc3 Be2 60. f4 b5 61. Kb4 Kf5 62. Kc5 Bc4 63. Bd6 Ke4 64. Kc6 Kxd4 65. f5 gxf5 66. g6 Kc3 67. g7 d4 68. g8=Q Bxg8 69. Kxb5 d3 70. Bb4+ Kc2 71. Kc5 d2 72. Bxd2 Kxd2 73. Kd4 Ke2 74. Ke5 Be6 75. Kf4 Bc8 76. Ke5 Kf3 77. Kd5 Ke3 78. Kd6 f4 79. Ke5 f3 80. Kd5 f2 81. Kd6 f1=Q 82.
Kc5 Qc1+ 83. Kd6 Ba6 84. Ke5 Bd3 85. Kf6 Qc6+ 86. Ke5 Qe4+ 87. Kd6 Kd4 88. Kc7 Kc5 89. Kd7 Qg6 90. Ke7 Kd5 91. Kf8 Qh7 0-1

[Event "Early-Titled-Tuesday-Blitz-April-16-2024"]
[Site "Chess.com"]
[Date "2024.04.16"]
[Round "6"]
[White "Matols"]
[Black "imdvb6307"]
[Result "0-1"]
[WhiteElo "2353"]
[BlackElo "2508"]
[TimeControl "180+1"]
[EndTime "9:09:42 PDT"]
[Termination "imdvb6307 won on time"]

1. d4 d5 2. c4 c6 3. Nf3 Nf6 4.
Qb3 g6 5. g3 Bg7 6. Bg2 O-O 7.
O-O Qb6 8. Nc3 Be6 9. c5 Qxb3 10. axb3 a6 11. Bf4 Nbd7 12. b4 h6 13. h4 Bf5 14.
Ne5 Rad8 15. Rfe1 Ne4 16. f3 Nxc3 17. bxc3 Nxe5 18. Bxe5 f6 19. Bc7 Rd7 20. Bb6 e5 21. e3 Re8 22. Kf2 Rde7 23. g4 Bd3 24. Rad1 Bc4 25.
Rc1 Kf7 26. Bh3 g5 27. h5 e4 28. Bg2 exf3 29. Bxf3 Bd3 30. Rcd1 Bh7 31. Rd2 f5 32. gxf5 Bxf5 33. Rde2 g4 34. Bg2 Bf6 35. Kg3 Bd3 36.
Rf2 Rxe3+ 37. Rxe3 Rxe3+ 38. Kxg4 Be2+ 39. Kf5 Bxh5 40. Bc7 Rxc3 41. Be5 Bg5 42. Bd6 Rd3 43. Ke5+ Kg7 44.
Bf8+ Kg6 45. Bf1 Re3+ 46. Kd6 Bf3 47. Kc7 h5 48. Kxb7 Bh4 49. Rh2 Bg3 50. Rh3 h4 51. Kxc6 Re1 52. Bd3+ Kg5 53. b5 axb5 54. Kxb5 Kg4 55.
Rxg3+ hxg3 56. c6 g2 57. c7 Rc1 58. Bc5 g1=Q 59. c8=Q+ Kg3 60. Qg8+ Kf2 61. Qf7 Qe1 62. Qf4 Qe3 63. Qh2+ Ke1 64. Qh4+ Kd2 65. Qh2+ Kxd3 0-1

[Event "Early-Titled-Tuesday-Blitz-April-16-2024"]
[Site "Chess.com"]
[Date "2024.04.16"]
[Round "6"]
[White "AnishOnYoutube"]
[Black "Matibar"]
[Result "1-0"]
[WhiteElo "3047"]
[BlackElo "2827"]
[TimeControl "180+1"]
[EndTime "9:09:46 PDT"]
[Termination "AnishOnYoutube won by resignation"]

1. Nf3 Nf6 2. c4 e6 3. g3 a6 4.
Nc3 d5 5. cxd5 exd5 6. d4 h6 7. Bf4 Bd6 8. Be5 Be6 9. Bxf6 Qxf6 10. Qb3 Nd7 11. Bg2 O-O 12. O-O Nb6 13. e3 Rab8 14.
Nd2 Qf5 15. Rfc1 Nc4 16. Qc2 Qxc2 17. Rxc2 Nxd2 18. Rxd2 c6 19. h4 g5 20. hxg5 hxg5 21. e4 dxe4 22. Bxe4 Rbd8 23. d5 Bb4 24. Rad1 cxd5 25.
Bxd5 Bxc3 26. bxc3 Bxd5 27. Rxd5 Rxd5 28. Rxd5 f6 29.
c4 Rc8 30. c5 Kf7 31. Rd7+ Kg6 32. Rxb7 Rxc5 33. Rb4 a5 34. Rd4 Kf5 35. g4+ Ke5 36.
Ra4 f5 37. gxf5 Kxf5 38. Kg2 g4 39. Rd4 Kg5 40. Rd3 Kf4 41. Ra3 Kg5 42. Kg3 Rf5 43. Rc3 Rd5 44. a4 Kf5 45. Rb3 Kg5 46. Rb5 Rxb5 47. axb5 a4 48. b6 a3 49. b7 a2 50.
b8=Q a1=Q 51. Qf4+ Kg6 52. Qxg4+ Kf6 53. Qf3+ Kg5 54.
Qe3+ Kf5 55. Qd3+ Kg5 56. Qd5+ Kf6 57. Kg2 Kg6 58. Qc6+ Kf5 59. Qf3+ Kg5 60. Qg3+ Kf5 61. Qd3+ Kf4 62. Qe3+ Kf5 63. Qg3 Qb2 64. Kh3 Kf6 65.
Qf4+ Kg6 66. Kg3 Qc3+ 67. Kg4 Qc8+ 68. Kh4 Qd8+ 69. Kg3 Qd3+ 70. Kg4 Qd1+ 71. Kh3 Qh1+ 72. Kg3 Qg1+ 73. Kf3 Qd1+ 74. Kg2 Qd5+ 75. Kh2 Qh5+ 76.
Kg3 Qd1 77. Qg4+ Qxg4+ 78. Kxg4 Kf6 79. Kf4 Ke6 80. Kg5 Ke5 81. f4+ Ke6 82. Kg6 Ke7 83. f5 Kf8 84. Kf6 Ke8 85. Kg7 Ke7 86. f6+ Ke8 87.
f7+ Ke7 88. f8=Q+ 1-0

[Event "Early-Titled-Tuesday-Blitz-April-16-2024"]
[Site "Chess.com"]
[Date "2024.04.16"]
[Round "6"]
[White "MomchilPetkov"]
[Black "Agibileg"]
[Result "0-1"]
[WhiteElo "2925"]
[BlackElo "2775"]
[TimeControl "180+1"]
[EndTime "9:09:46 PDT"]
[Termination "Agibileg won by checkmate"]

1. d4 Nf6 2. Nf3 g6 3. Nbd2 d5 4. b3 Bg7 5. Bb2 O-O 6. e3 b6 7.
Be2 Bb7 8. h4 Nbd7 9. Ne5 c5 10.
h5 Ne4 11. Nxe4 dxe4 12. hxg6 hxg6 13. Nxg6 fxg6 14. Bc4+ Rf7 15. Qg4 Nf8 16. Bxf7+ Kxf7 17. O-O-O Qc8 18. Qg3 c4 19. Qf4+ Kg8 20. Kb1 Bd5 21. Qg5 Qe6 22. bxc4 Bxc4 23. d5 Qf7 24. Bxg7 Qxg7 25.
Rd4 Rc8 26. Qg4 Rc5 27. Qxe4 Rb5+ 28. Kc1 Bxa2 29. Kd2 Qf6 30. f3 Qg5 31. f4 Qg3 32.
Rf1 Qh4 33. Qd3 Rc5 34. e4 Qg4 35. Qf3 Qxf3 36. Rxf3 Bc4 37. Rc3 b5 38. Ra3 Rc7 39.
Ra6 Kf7 40. Rc6 Rb7 41. e5 a5 42. g4 a4 43. f5 gxf5 44. gxf5 Ra7 45. Kc1 a3 46.
Kb1 a2+ 47. Ka1 Ra3 48. Rc7 Re3 49. Rd1 Rxe5 50. d6 Kf6 51. d7 Nxd7 52. Rcxd7 Kxf5 53. Kb2 Ke6 54. Ra7 Re2 55. Rdd7 Kf6 56. Rd8 e5 57. Rf8+ Ke6 58. Ra6+ Kd5 59. Re8 Kc5 60. Rd8 e4 61.
Ra7 e3 62. Re8 Kb4 63. Re4 Re1 64. Ra3 Rb1# 0-1

[Event "Early-Titled-Tuesday-Blitz-April-16-2024"]
[Site "Chess.com"]
[Date "2024.04.16"]
[Round "6"]
[White "N_I_Chess"]
[Black "kritipatel"]
[Result "1-0"]
[WhiteElo "2394"]
[BlackElo "2173"]
[TimeControl "180+1"]
[EndTime "9:09:51 PDT"]
[Termination "N_I_Chess won by checkmate"]

1. d4 d5 2. c4 e6 3. Nc3 Nf6 4. cxd5 exd5 5. Bg5 Be7 6. e3 O-O 7. Bd3 Nbd7 8. Qc2 c6 9. Nge2 Re8 10. O-O Nf8 11. f3 g6 12. Rad1 b5 13. Kh1 Bb7 14.
e4 Ne6 15. Be3 b4 16. Na4 Rc8 17. e5 Nd7 18. Qd2 c5 19. f4 Qa5 20. b3 c4 21. Bc2 c3 22. Qe1 Bc6 23. f5 Nef8 24.
fxg6 fxg6 25. Qf2 Bxa4 26. Qf7+ Kh8 27. bxa4 Qb6 28. Qxd5 Qe6 29. Qe4 Nb6 30. d5 Qg8 31. e6 Rc4 32. Bd4+ Rxd4 33. Qxd4+ Qg7 34. Qxg7+ Kxg7 35. d6 Bg5 36. d7 Rd8 37. Ng3 Nxe6 38. Ne4 Be7 39. Bb3 Nc5 40. Rf6 Bxf6 41. Nxc5 Be7 42.
Ne6+ Kf7 43. Nxd8+ Kf8 44. a5 Bxd8 45. axb6 axb6 46.
Kg1 Ke7 47. Kf1 b5 48. Ke2 g5 49. Kd3 Bb6 50. Kc2 Kd8 51. h3 Be3 52. Rd5 Bd2 53. Rxb5 Bf4 54. Rxb4 h5 55. Rc4 Kxd7 56. Rxc3 Kd6 57.
Rd3+ Kc6 58. a4 Be5 59. g4 hxg4 60. hxg4 Bf4 61. Be6 Kc5 62. Kb3 Kb6 63. Rd5 Ka6 64. Kc4 Kb6 65. Rb5+ Ka7 66. Bf5 Ka6 67. Kd5 Ka7 68.
Kc6 Ka6 69. Bd3 Ka7 70. a5 Bd2 71. a6 Kxa6 72. Rb2+ Ka7 73. Rxd2 Kb8 74. Ra2 Kc8 75. Ra8# 1-0

[Event "Early-Titled-Tuesday-Blitz-April-16-2024"]
[Site "Chess.com"]
[Date "2024.04.16"]
[Round "6"]
[White "Felix-Rose"]
[Black "BashiqChess"]
[Result "0-1"]
[WhiteElo "2198"]
[BlackElo "2463"]
[TimeControl "180+1"]
[EndTime "9:09:53 PDT"]
[Termination "BashiqChess won on time"]

1. e4 c6 2. d4 d5 3. e5 Bf5 4. h4 h5 5. Bd3 Bxd3 6. Qxd3 Qa5+ 7.
Bd2 Qa6 8. e6 Qxd3 9. exf7+ Kxf7 10.
cxd3 Nh6 11. Nf3 Nf5 12. Nc3 Nd7 13. Bf4 g6 14. O-O Bh6 15. Bxh6 Rxh6 16. Rae1 Re8 17. Ng5+ Kf6 18. Re6+ Kg7 19. Nf3 Rhh8 20. Rfe1 Rhf8 21. Na4 Rc8 22. Nc5 Nxc5 23. dxc5 Rf6 24. R6e5 a5 25. a4 Rb8 26. Re6 b6 27. Ng5 bxc5 28. Rxf6 exf6 29. Ne6+ Kf7 30. Nxc5 Rxb2 31. g3 Nd4 32. Kg2 Nb3 33. Nb7 f5 34. Nd8+ Kg7 35. Nxc6 Rd2 36. d4 Nxd4 37.
Nxa5 Ra2 38. Rd1 Rxa4 39. Nb7 Kf6 40. Nc5 Rc4 41. Nd7+ Ke6 42. Nb6 Rb4 43. Re1+ Kd6 44. Nc8+ Kd7 45. Ne7 Rb6 46. Ng8 Ne6 47. Nf6+ Kd6 48.
Rd1 Rb5 49. Ne8+ Ke7 50. Re1 Kxe8 51. Rxe6+ Kf7 52. Rd6 Rc5 53. Kf3 Ra5 54. Kf4 Ra4+ 55. Kg5 Rg4+ 56. Kh6 d4 57. Kh7 Ke7 58. Rd5 Ke6 59. Rd8 Ke5 60. Kg7 Ke4 61. Kf6 Kf3 62. Ke5 Kxf2 63. Rxd4 Rxd4 64. Kxd4 Kxg3 65. Ke5 Kxh4 66.
Kf6 f4 67. Kxg6 f3 0-1

[Event "Early-Titled-Tuesday-Blitz-April-16-2024"]
[Site "Chess.com"]
[Date "2024.04.16"]
[Round "6"]
[White "David_Arutinian"]
[Black "DominguezOnYoutube"]
[Result "1/2-1/2"]
[WhiteElo "2840"]
[BlackElo "2938"]
[TimeControl "180+1"]
[EndTime "9:09:56 PDT"]
[Termination "Game drawn by agreement"]

1. Nf3 Nf6 2. c4 c5 3. Nc3 Nc6 4. e3 a6 5. d4 cxd4 6. exd4 d5 7. cxd5 Nxd5 8. Bc4 Be6 9. Bb3 Nxc3 10. bxc3 Bxb3 11.
axb3 e6 12. O-O Be7 13. Re1 O-O 14. Be3 Qc7 15. Qd3 h6 16. Red1 Rfd8 17. Rac1 Rac8 18. c4 Bf6 19. Qe4 Qe7 20. Bf4 Rd7 21. c5 Rd5 22.
Bd6 Qd8 23. Ne5 Nxd4 24. b4 Bxe5 25. Bxe5 Nc6 26. Rxd5 exd5 27. Qf4 Qg5 28. Qxg5 hxg5 29. Bc3 d4 30. Bd2 f6 31. Kf1 Kf7 32. Rb1 Ke6 33.
b5 axb5 34. Rxb5 Rc7 35. f4 gxf4 36. Bxf4 Rd7 37. Bd6 Kd5 38. Ke2 f5 39. h4 g6 40.
Kd3 Rh7 41. g3 Rf7 42. Rb6 Rg7 43. Rb5 Rh7 44. Rb6 Rd7 45. Rb5 Nd8 46. Bf4 Ne6 47. Bd6 Rh7 48. Rb6 f4 49. Bxf4 Nxc5+ 50. Kd2 Ne4+ 51.
Kd3 Nc5+ 52. Kd2 Rg7 53. Bh6 Ne4+ 54. Kd3 Nc5+ 55. Kd2 Rg8 56. Bf4 Ra8 57. Rxg6 Ra2+ 58. Kc1 Nd3+ 59. Kb1 Rb2+ 60. Ka1 Rh2 61. Rb6 Nxf4 62.
gxf4 d3 63. Rxb7 Kd4 64. Rd7+ Kc3 65. Rc7+ Kd2 66. Kb2 Rxh4 67. Rf7 Rh8 68. f5 Rb8+ 69. Ka2 Rd8 70. Kb2 Ke2 71. Re7+ Kd1 72. f6 Rd6 73. f7 Rf6 74. Rd7 d2 75. Kc3 Rf3+ 76. Kb2 Ke2 77. Re7+ Kf1 78. Kc2 Rf2 79. Kd1 Kg1 80. Rd7 Kh1 81.
Rxd2 Rxf7 82. Rd3 1/2-1/2

[Event "Early-Titled-Tuesday-Blitz-April-16-2024"]
[Site "Chess.com"]
[Date "2024.04.16"]
[Round "6"]
[White "LeninGuerra"]
[Black "amanjazu"]
[Result "1/2-1/2"]
[WhiteElo "2767"]
[BlackElo "2535"]
[TimeControl "180+1"]
[EndTime "9:09:56 PDT"]
[Termination "Game drawn - insufficient material"]

1. e4 Nf6 2. e5 Nd5 3. c4 Nb6 4. a4 d6 5. exd6 cxd6 6. d4 g6 7. Ra3 Bg7 8. Rg3 Nc6 9. Nf3 h5 10. h4 Bg4 11. Be3 e5 12. d5 Na5 13. Qc2 Bf5 14. Qc3 Nxa4 15. Qb4 Nc5 16. Nc3 b6 17. Be2 Bf6 18. Ng5 Nd3+ 19. Bxd3 Bxd3 20. b3 Bf5 21.
Nge4 Be7 22. Bg5 Nb7 23. O-O f6 24. Be3 Kf7 25. f4 Nc5 26. Nxc5 bxc5 27. Qa3 e4 28. Ra1 a6 29. Nd1 Qb6 30. Bd2 Rhb8 31. Ba5 Qb7 32. Rb1 e3 33. Rb2 e2 34. Rxe2 Bg4 35. Re1 f5 36. Nf2 Bxh4 37. Rge3 Re8 38. Qc1 Qd7 39.
Re6 Re7 40. Qe3 Rae8 41. Bc3 Rxe6 42. dxe6+ Rxe6 43. Qxe6+ Qxe6 44. Rxe6 Kxe6 45. Nd3 Bd1 46. Nc1 Bf6 47. Bxf6 Kxf6 48. Kf2 a5 49. Ke3 a4 50. bxa4 Bxa4 51. Ne2 Bc6 52. g3 Ke6 53. Ng1 Kf6 54. Nh3 Bg2 55. Ng5 Bf1 56. Nh7+ Ke7 57. Kd2 Bxc4 58.
Kc3 Bg8 59. Ng5 d5 60. Nf3 d4+ 61. Kd3 Bd5 62. Ne5 Kf6 63. Nd7+ Kg7 64. Nxc5 g5 65.
fxg5 Kg6 66. Kxd4 Bg8 67. Ke3 Kxg5 68. Kf2 f4 69. gxf4+ Kxf4 70. Nd3+ Kf5 71. Kg3 Kg5 72. Ne1 Bd5 73. Nf3+ Bxf3 74. Kxf3 h4 75. Kg2 h3+ 76.
Kh1 h2 77. Kxh2 1/2-1/2

[Event "Early-Titled-Tuesday-Blitz-April-16-2024"]
[Site "Chess.com"]
[Date "2024.04.16"]
[Round "6"]
[White "a-z30"]
[Black "Mikhail_Golubev"]
[Result "0-1"]
[WhiteElo "2389"]
[BlackElo "2592"]
[TimeControl "180+1"]
[EndTime "9:09:57 PDT"]
[Termination "Mikhail_Golubev won on time"]

1. c4 g6 2. g3 Bg7 3. Bg2 e5 4. Nc3 d6 5. d3 Nc6 6. Nf3 f5 7. O-O h6 8. Rb1 a5 9. a3 g5 10.
Nd5 Nce7 11. b4 Nxd5 12. cxd5 axb4 13. axb4 Nf6 14. Bb2 O-O 15. Qb3 Kh7 16. Ra1 Rxa1 17. Rxa1 Bd7 18. Nd2 b6 19. Ra7 Qb8 20. Qa2 Bb5 21.
Nb1 Qd8 22. Nc3 Bd7 23. Qa6 g4 24. Nb5 Ne8 25. Nxc7 Nxc7 26. Qb7 Nb5 27. Qxd7 Nxa7 28. Qxa7 Qa8 29. Qxb6 Qa2 30. Bc3 Rc8 31. Qb7 Rxc3 32. Qf7 Rc1+ 33. Bf1 Qa8 34. Qxf5+ Kh8 35. Qxg4 Rb1 36.
Kg2 Qb8 37. e4 Rxb4 38. Qf5 Rb7 39. Be2 Re7 40. Bg4 Qf8 41. Qh5 Qf6 42. Qh3 Rf7 43. Bf5 Rf8 44. Qh5 Qg5 45. Qf3 Rb8 46.
Qe2 Rb6 47. h4 Qf6 48. Qf3 Qf8 49. Qg4 Qf6 50. Qf3 Rb4 51. Qe2 Rd4 52. Qf3 Qf8 53.
Qe2 Rb4 54. Qf3 Qb8 55. Qg4 Qe8 56. Qf3 Qf7 57. Qe2 Qf6 58. Qf3 Rb8 59. Qe2 Qf8 60. Qg4 Qf6 61. Qh5 Rc8 62. Qf3 Rc7 63. Qe3 Rf7 64.
Qf3 Qe7 65. Qg4 Qf6 66. Qh5 Rf8 67. Qg4 Ra8 68. Qh5 Ra2 69. Qf3 Bf8 70. Qg4 Bg7 71. Qf3 Qf7 72. Qg4 Bf6 73. Qf3 Bd8 74. Qg4 Bb6 75. Kh3 Rxf2 76. Qd1 Rxf5 77. exf5 Qxf5+ 78. Kh2 Bd4 79. Qe2 Kg7 80. Kg2 Kg6 81. Qf3 h5 82. Qe2 Qg4 0-1

[Event "Early-Titled-Tuesday-Blitz-April-16-2024"]
[Site "Chess.com"]
[Date "2024.04.16"]
[Round "6"]
[White "IndianSchoolOfSuffering"]
[Black "Iskusnyh"]
[Result "1-0"]
[WhiteElo "2419"]
[BlackElo "2590"]
[TimeControl "180+1"]
[EndTime "9:10:04 PDT"]
[Termination "IndianSchoolOfSuffering won by checkmate"]

1. d4 d5 2. c4 c6 3. Nf3 Nf6 4. e3 a6 5. Bd3 Bg4 6. Nbd2 e6 7.
Qc2 Nbd7 8. b3 c5 9. O-O Rc8 10. Bb2 Bd6 11. Ne5 Bh5 12. Ndf3 Bxf3 13. Nxf3 Qc7 14.
cxd5 Nxd5 15. Qe2 O-O 16. Rac1 Qb8 17. g3 cxd4 18. Bxd4 Ne5 19. Nxe5 Bxe5 20. Bxh7+ Kxh7 21. Qh5+ Kg8 22. Bxe5 Qa8 23. Qg4 f6 24. Qxe6+ Kh7 25. Qxd5 fxe5 26. Qxe5 Rce8 27. Qh5+ Kg8 28. Rc7 Qd8 29.
Rfc1 Qf6 30. Qe2 b5 31. R7c6 Qf5 32. Rxa6 Re7 33. Rd6 Ref7 34. Rd2 Qe5 35. Qe1 Rf3 36. Rcc2 Kh7 37. Rd4 Qf5 38. Qd2 Kg8 39. Rd5 Qf6 40. Qe1 Qg6 41. Rcd2 b4 42. Rd8 Kh7 43. Rxf8 Rxf8 44.
Rd4 Ra8 45. Rxb4 Rxa2 46. Rh4+ Kg8 47. Qd1 Qc6 48. Qd8+ Kf7 49. Rf4+ Kg6 50. Qd3+ Kh6 51. Rh4+ Kg5 52. f4+ Kf6 53. Qd4+ Kf7 54. Qc4+ Qxc4 55. bxc4 Rc2 56. f5 Kf6 57. Rf4 Ke5 58. Rf2 Rxc4 59.
Kg2 Rc3 60. g4 Rxe3 61. Rf3 Re4 62. Kg3 Kf6 63. h3 Ra4 64. Kh4 g5+ 65. fxg6+ Kxg6 66. Rf5 Ra3 67. Rb5 Ra6 68. Rb3 Rc6 69. Rf3 Rd6 70. Rf4 Rc6 71. g5 Rc5 72. Rf6+ Kg7 73. Kh5 Rc4 74. h4 Rc5 75. Rf4 Rc7 76. Rf5 Rb7 77. g6 Ra7 78. Kg5 Rb7 79. h5 Rc7 80. h6+ Kg8 81.
Re5 Rc8 82. Kf5 Rf8+ 83. Kg5 Ra8 84. Rf5 Rb8 85. h7+ Kg7 86. Rf7+ Kh8 87. Kh6 Rb6 88.
Rf8# 1-0

[Event "Early-Titled-Tuesday-Blitz-April-16-2024"]
[Site "Chess.com"]
[Date "2024.04.16"]
[Round "6"]
[White "AryanTari"]
[Black "Aradhya2000"]
[Result "0-1"]
[WhiteElo "2925"]
[BlackElo "2779"]
[TimeControl "180+1"]
[EndTime "9:10:08 PDT"]
[Termination "Aradhya2000 won by checkmate"]

1. e4 e5 2. Nf3 Nc6 3. d4 exd4 4.
Nxd4 Nf6 5. Nxc6 dxc6 6. Qxd8+ Kxd8 7. Nc3 Be6 8. Bd2 Kc8 9. h3 Nd7 10. f4 f6 11. O-O-O Bc5 12. Bd3 a5 13. a3 b5 14. g4 b4 15. Na4 bxa3 16. bxa3 Bxa3+ 17. Kb1 Nb6 18. Nb2 Rb8 19. Ba6+ Rb7 20. Bxa5 Bxb2 21.
Bxb6 Bc3 22. Bxb7+ Kxb7 23. Bd4 Bb4 24. Kb2 Re8 25. Ra1 c5 26. Bc3 Bd7 27. Rhe1 Bc6 28. e5 fxe5 29. Rxe5 Rf8 30. f5 g6 31. Rf1 gxf5 32.
gxf5 Bg2 33. Rf4 Bxh3 34. Bxb4 cxb4 35. Rxb4+ Kc6 36. Rh4 Bxf5 37. Rc4+ Kd6 38. Rec5 Be4 39. Rxc7 Rf2 40. Rc8 Bg6 41. Rd8+ Ke7 42. Rd1 h5 43. Rc6 Bf5 44. Rc4 Bg4 45. Rdd4 Ke6 46. Rc5 Bf5 47. Kb3 Rf3+ 48. c3 Rf1 49. Rc6+ Ke5 50. Rc5+ Ke6 51. Ra4 Rf2 52. Ra6+ Kd7 53. Rh6 Bg4 54. Rg5 Rf4 55. Rg7+ Ke8 56. Rh8+ Rf8 57. Rxf8+ Kxf8 58. Ra7 h4 59. c4 h3 60. Rh7 Kg8 61. Rh4 Be6 62. Kc3 Kg7 63. c5 Kg6 64. c6 Kg5 65. Rh8 Kg4 66. Rh6 Bf5 67. c7 Kg3 68. Rh5 Bc8 69.
Rh8 Bb7 70. Rb8 Ba6 71. Rb6 Bc8 72.
Rb8 Ba6 73. Ra8 Bb7 74. Rg8+ Kf2 75. Rb8 Ba6 76. Ra8 Bb7 77. Rh8 Kg2 78. Rg8+ Kf2 79. Rb8 Ba6 80. Kb4 h2 81. Ka5 h1=Q 82. Rf8+ Ke3 83.
Re8+ Kd4 84. Kb6 Qb7+ 85. Ka5 Qb5# 0-1